 Seeded DCSS version 0.28-a0-1524-ge72afd5fc6 (webtiles) character file.

Game seed: 3897086700270160689 (custom seed)

1 smurphysema the Shield-Bearer (level 1, 0/14 HPs)
             Began as a Gargoyle Fighter on Jan 18, 2022.
             Slain by a quokka (2 damage)
             ... on level 1 of the Dungeon.
             The game lasted 00:01:01 (87 turns).

smurphysema the Shield-Bearer (Gargoyle Fighter)      Turns: 87, Time: 00:01:01

Health: 0/14       AC:  9    Str: 19    XL:     1   Next: 20%
Magic:  1/1        EV:  9    Int:  8    God:
Gold:   47         SH:  4    Dex:  9    Spells: 0/0 levels left

rFire   . . .      SeeInvis .   a - +0 flail
rCold   . . .      Faith    .   c - +0 buckler
rNeg    + . .      Spirit   .   b - +0 scale mail
rPois   ∞          Reflect  .   (no helmet)
rElec   +          Harm     .   (no cloak)
rCorr   .          Rampage  .   (no gloves)
Will    .....                   (no boots)
Stlth   ..........              (no amulet)
HPRegen 0.04/turn               (no ring)
MPRegen 0.07/turn               (no ring)

@: no status effects
A: sickness immunity, AC +2, negative energy resistance 1, electricity
resistance, torment resistance 1, petrification resistance
a: no special abilities


You were on level 1 of the Dungeon.
You visited 1 branch of the dungeon, and saw 1 of its levels.

You collected 47 gold pieces.

Inventory:

Hand Weapons
 a - a +0 flail (weapon)
 g - a +0 falchion
Armour
 b - a +0 scale mail (worn)
 c - a +0 buckler (worn)
Scrolls
 e - a scroll of identify {unknown}
 f - a scroll of fog {unknown}
Potions
 d - a potion of might


   Skills:
 + Level 3.3 Fighting
 + Level 2.0 Maces & Flails
 + Level 3.3 Armour
 + Level 3.3 Shields


You couldn't memorise any spells.
You didn't know any spells.
Your spell library was empty.

Dungeon Overview and Level Annotations

Branches:
Dungeon (1/15)

Altars:


Innate Abilities, Weirdness & Mutations

You are immune to sickness and miasma.
Your stone body is resilient. (AC +2)
You are immune to poison.
You resist negative energy. (rN+)
You are resistant to electric shocks. (rElec)
You are resistant to unholy torment.
You are immune to petrification.


Message History

A kobold comes into view. It is wielding a +0 whip.
The kobold shouts!
A quokka comes into view.
Found a scroll labelled NYWUPRUFFU.
The kobold hits you but does no damage.
You closely miss the kobold. The kobold hits you but does no damage.
You miss the kobold. The kobold barely misses you.
You hit the kobold but do no damage. The kobold hits you but does no damage.
The kobold closely misses you.
You barely miss the kobold. The quokka bites you.
You block the kobold's attack. The quokka bites you.
You barely miss the kobold.
The quokka bites you but does no damage.
The kobold hits you but does no damage.
You closely miss the kobold. You block the quokka's attack.
You block the kobold's attack. The quokka bites you.
You closely miss the kobold. The kobold hits you with a +0 whip.
The quokka bites you but does no damage.
The kobold hits you but does no damage.
You barely miss the kobold.
The quokka bites you but does no damage.
The kobold barely misses you. The quokka barely misses you.
You miss the quokka. The quokka closely misses you.
The kobold hits you but does no damage. The quokka bites you.
You closely miss the kobold. The kobold hits you but does no damage.
The quokka barely misses you. The kobold closely misses you.
You barely miss the kobold. The quokka barely misses you.
The kobold hits you but does no damage. The quokka completely misses you.
You barely miss the kobold. You block the quokka's attack.
The kobold barely misses you. The quokka barely misses you.
The kobold hits you but does no damage.
You sock the kobold!
You kill the kobold!
The quokka bites you.
* * * LOW HITPOINT WARNING * * *
The quokka barely misses you.
Things that are here:
a +0 whip; 9 gold pieces You barely miss the quokka.
You block the quokka's attack. The quokka bites you.
You die...

.# .. ###. ##..
###..## #.....##
#......########
#######.....:......?.
#.........##.@#####
#.........###r..#
#.........# ###..#
#.........######...#
#..............###.#
#.........####.. .#
#.#####.### . #.
#...# # # ###.#


You could see a quokka.

Vanquished Creatures
  A kobold (D:1)
1 creature vanquished.

Notes
Turn   | Place    | Note
-------+----------+-------------------------------------------
     0 | D:1      | smurphysema the Gargoyle Fighter began the quest for the
                  | Orb.
     0 | D:1      | Reached XP level 1. HP: 14/14 MP: 1/1
    87 | D:1      | Slain by a quokka

Illustrated notes

Levels and vault maps discovered:
D:1:      lightli_iron_boxes, layout_rooms

Action                   || total
-------------------------++-------
Melee: Flail             ||    14
Armor: Scale mail        ||    12
Dodge: Dodged            ||    12
Block: Buckler           ||     5

Table legend: (Time is in decaauts)
 A = Elapsed time spent in this place.
 B = Non-inter-level travel time spent in this place.
 C = Inter-level travel time spent in this place.
 D = Time resting spent in this place.
 E = Time spent auto-exploring this place.
 F = Levels seen in this place.
 G = Mean time per level.
                   A        B        C        D        E       F      G
               +--------+--------+--------+--------+--------+-----+--------+
         Total |     91 |     22 |     69 |      0 |      0 |   1 |   91.0 |
       Dungeon |     91 |     22 |     69 |      0 |      0 |   1 |   91.0 |
               +--------+--------+--------+--------+--------+-----+--------+

Top non-repeatable levels by time:
     D:1: 91 daAuts
